 Dungeon Crawl Stone Soup version 0.29-a0-275-g389c0b56f3 (webtiles) character file.

Game seed: 7697443809931312941

601 Murumi the Skirmisher (level 7, -3/56 HPs)
             Began as a Formicid Abyssal Knight on Mar 9, 2022.
             Was an Elder of Lugonu.
             Slain by an iguana (9 damage)
             ... on level 5 of the Dungeon.
             The game lasted 00:16:09 (5409 turns).

Murumi the Skirmisher (Formicid Abyssal Knight)     Turns: 5409, Time: 00:16:10

Health: -3/56      AC: 11    Str: 20    XL:     7   Next: 69%
Magic:  9/9        EV:  8    Int:  9    God:    Lugonu [****..]
Gold:   209        SH:  0    Dex: 11    Spells: 6/6 levels left

rFire   . . .      SeeInvis +   l - +0 whip
rCold   . . .      Faith    .   (no shield)
rNeg    . . .      Spirit   .   b - +0 chain mail
rPois   .          Reflect  .   (helmet unavailable)
rElec   .          Harm     .   i - +0 cloak
rCorr   .          Rampage  .   (no gloves)
Will    +....                   (no boots)
Stlth   ..........              (no amulet)
HPRegen 0.18/turn               r - ring of willpower
MPRegen 0.11/turn               (no ring)

@: no status effects
A: permanent stasis, dig shafts and tunnels, antennae 3, four strong arms
a: Dig, Shaft Self, Renounce Religion, Depart the Abyss, Bend Space, Banish,
Corrupt


You were on level 5 of the Dungeon.
You worshipped Lugonu.
Lugonu was greatly pleased with you.
You visited 1 branch of the dungeon, and saw 5 of its levels.
You visited the Abyss 1 time.
You also visited: Sewer.

You collected 209 gold pieces.

Inventory:

Hand Weapons
 l - a +0 whip (weapon)
Armour
 b - a +0 chain mail (worn)
 i - a +0 cloak (worn)
Jewellery
 r - a ring of willpower (left hand)
Wands
 j - a wand of flame (16)
 n - a wand of iceblast (7)
Scrolls
 p - a scroll of magic mapping
Potions
 a - a potion of resistance {unknown}
 c - a potion of curing
 d - 2 potions of lignification
 e - 2 potions of heal wounds
 f - 3 potions of magic
 g - 2 potions of attraction {unknown}
 h - 2 potions of brilliance {unknown}
 k - a potion of ambrosia {unknown}
 m - a potion of might
 o - a potion of flight {unknown}
 q - a potion of degeneration {unknown}
 s - a potion of mutation {unknown}


   Skills:
 - Level 5.0 Fighting
 - Level 4.0 Maces & Flails
 - Level 5.0 Armour
 - Level 2.0 Dodging
 + Level 3.0 Stealth
 - Level 3.0 Invocations
 - Level 2.0 Evocations


You had 6 spell levels left.
You didn't know any spells.
Your spell library contained the following spells:

 Spells                   Type           Power      Damage    Failure   Level
 Pain                     Necr           0%         1d4       98%         1
 Sting                    Tmut/Pois      0%         1d3       98%         1
 Poisonous Vapours        Pois/Air       0%         N/A       99%         2
 Call Canine Familiar     Summ           0%         N/A       100%        3
 Portal Projectile        Hex/Tloc       0%         N/A       100%        3
 Leda's Liquefaction      Hex/Erth       0%         N/A       100%        4
 Olgreb's Toxic Radiance  Pois           0%         N/A       100%        4
 Agony                    Necr           0%         N/A       100%        5
 Excruciating Wounds      Necr           0%         N/A       100%        5


Dungeon Overview and Level Annotations

Branches:
Dungeon (5/15)              Sewer (visited)
 Temple: D:4-7

Altars:

Shops:
D:1 =


Innate Abilities, Weirdness & Mutations

You cannot be hasted, slowed, berserked, paralysed or teleported.
You can dig through walls and to a lower floor.
You have a pair of large antennae on your head. (SInv)
Your four strong arms can wield two-handed weapons with a shield.


Message History

An iguana comes into view.
Unknown command.
You hit the iguana but do no damage. You closely miss the iguana.
The iguana bites you!
You barely miss the iguana. The iguana bites you.
You hit the iguana but do no damage. The iguana closely misses you.
You closely miss the iguana. The iguana barely misses you.
You hit the iguana.
The iguana is moderately wounded.
The iguana barely misses you.
You hit the iguana.
The iguana is heavily wounded.
The iguana bites you.
You barely miss the iguana.
The iguana is heavily wounded.
The iguana barely misses you.
You closely miss the iguana.
The iguana is heavily wounded.
The iguana bites you!
You hit the iguana.
The iguana is heavily wounded.
The iguana bites you but does no damage.
You hit the iguana.
The iguana is almost dead.
You closely miss the iguana.
The iguana is almost dead.
The iguana bites you!
You are too injured to fight recklessly!
You barely miss the iguana.
The iguana is almost dead.
The iguana bites you!
* * * LOW HITPOINT WARNING * * *
You hit the iguana.
The iguana is almost dead.
The iguana bites you!
* * * LOW HITPOINT WARNING * * *
You completely miss the iguana.
The iguana is almost dead.
The iguana bites you!
You die...

######## #.......
###########.######
#...........#
#.########### #.#
#.# #@# #l# ... {
..... .......
.........{
...........
.........####


You could see an iguana.

Vanquished Creatures
  Duvessa (D:4)
  Dowan (D:4)
  A howler monkey (D:4)
  4 hounds (D:4)
  Jessica (D:2)
  An iguana (D:4)
  Crazy Yiuf (D:2)
  Natasha (thrice) (D:2)
  6 adders
  A white imp (D:3)
  2 worms
  2 dart slugs
  An orc (D:4)
  6 ball pythons
  8 bats
  6 endoplasms
  2 giant cockroaches
  6 hobgoblins
  6 jackals
  6 frilled lizards
  2 goblins
  15 kobolds
  5 rats
87 creatures vanquished.

Vanquished Creatures (others)
  A plant (Sewer)
1 creature vanquished.

Grand Total: 88 creatures vanquished

Notes
Turn   | Place    | Note
-------+----------+-------------------------------------------
     0 | Abyss:1  | Murumi the Formicid Abyssal Knight began the quest for the
                  | Orb.
     0 | Abyss:1  | Reached XP level 1. HP: 18/18 MP: 2/2
    13 | D:1      | Escaped the Abyss
    28 | D:1      | Reached skill level 1 in Dodging
   126 | D:1      | Found Mott's One-of-a-Kind Rings.
   135 | D:1      | Reached XP level 2. HP: 18/25 MP: 3/3
   800 | D:2      | Found a faded altar of an unknown god.
  1018 | D:2      | Noticed Natasha
  1024 | D:2      | Noticed a crimson imp
  1027 | D:2      | Killed Natasha
  1028 | D:2      | Reached XP level 3. HP: 17/30 MP: 3/5
  1377 | D:2      | Noticed Jessica
  1380 | D:2      | Killed Jessica
  1381 | D:2      | Reached skill level 1 in Stealth
  1381 | D:2      | Reached XP level 4. HP: 24/37 MP: 6/6
  1761 | D:2      | Noticed Natasha
  1769 | D:2      | Killed Natasha
  1853 | D:2      | Found a runed translucent door.
  1854 | D:2      | Noticed Crazy Yiuf
  1861 | D:2      | Killed Crazy Yiuf
  1862 | D:2      | Reached XP level 5. HP: 27/42 MP: 7/7
  2006 | D:2      | Found a faded altar of an unknown god.
  2073 | D:2      | Noticed Natasha
  2082 | D:2      | Killed Natasha
  2209 | D:3      | Found a glowing drain.
  2229 | D:3      | Reached *** piety under Lugonu
  2241 | D:3      | Reached skill level 1 in Evocations
  2242 | Sewer    | Entered a sewer
  2732 | Sewer    | Reached XP level 6. HP: 34/48 MP: 8/8
  4081 | D:4      | Noticed Dowan
  4104 | D:4      | Noticed Duvessa
  4138 | D:4      | Killed Duvessa
  4139 | D:4      | Reached skill level 5 in Fighting
  4139 | D:4      | Reached XP level 7. HP: 22/56 MP: 9/9
  4152 | D:4      | Killed Dowan
  4554 | D:4      | Reached skill level 5 in Armour
  4818 | D:4      | Reached **** piety under Lugonu
  5272 | D:5      | Entered Level 5 of the Dungeon
  5409 | D:5      | Slain by an iguana

Illustrated notes

Levels and vault maps discovered:
D:1:      minmay_arrival_four_houses, layout_rooms, nicolae_shop_unique_rings,
          moated_statue
D:2:      wander_river, layout_basic, nicolae_ecumenical_pavilion, minivault_25,
          uniq_jessica, uniq_crazy_yiuf_cottage, uniq_natasha
D:3:      layout_loops_ring, portal_sewer_entry_a
D:4:      minmay_door_path, layout_gridville, uniq_duvessa
D:5:      layout_basic, nicolae_specific_store, uniq_pikel

Skill      XL: |  1  2  3  4  5  6  7 |
---------------+----------------------+-----
Dodging        | 1 2 |  2.0
Fighting       | 4 5 |  5.0
Armour         | 3 4 5 |  5.0
Invocations    | 3 |  3.0
Stealth        | 2 3 |  3.0
Maces & Flails | 3 4 |  4.0
Evocations     | 1 2 |  2.0

Action                   |  1- 3 |  4- 6 |  7- 9 || total
-------------------------+-------+-------+-------++-------
Melee: Mace              |    52 |    89 |       ||   141
       Punch             |     1 |       |     1 ||     2
       Whip              |       |   198 |    93 ||   291
  Use: Scroll            |     5 |     4 |       ||     9
       Potion            |       |     5 |       ||     5
Armor: Leather armour    |    15 |       |       ||    15
       Scale mail        |     5 |       |       ||     5
       Chain mail        |     8 |   155 |    35 ||   198
       Skin              |       |    11 |    10 ||    21
Dodge: Dodged            |    30 |   115 |    31 ||   176

Table legend: (Time is in decaauts)
 A = Elapsed time spent in this place.
 B = Non-inter-level travel time spent in this place.
 C = Inter-level travel time spent in this place.
 D = Time resting spent in this place.
 E = Time spent auto-exploring this place.
 F = Levels seen in this place.
 G = Mean time per level.
                   A        B        C        D        E       F      G
               +--------+--------+--------+--------+--------+-----+--------+
         Total |   5473 |   5256 |    217 |     75 |   4257 |   7 |  781.9 |
       Dungeon |   4808 |   4591 |    217 |     75 |   3778 |   5 |  961.6 |
         Abyss |     13 |     13 |      0 |      0 |      3 |   1 |   13.0 |
         Sewer |    651 |    651 |      0 |      0 |    476 |   1 |  651.0 |
               +--------+--------+--------+--------+--------+-----+--------+

Top non-repeatable levels by time:
     D:4: 1779 daAuts
     D:2: 1416 daAuts
     D:1: 798 daAuts
     D:3: 737 daAuts
   Sewer: 651 daAuts
     D:5: 77 daAuts
 Abyss:1: 13 daAuts
